 Dungeon Crawl Stone Soup version 0.29-a0-284-gf9362112df (webtiles) character file.

Game seed: 18415569176546755871

60 flyleaff the Skirmisher (level 3, 35/35 HPs)
             Began as a Draconian Monk on Mar 31, 2022.
             Was an Initiate of Ashenzari.
             Quit the game on level 2 of the Dungeon.
             The game lasted 00:03:23 (1552 turns).

flyleaff the Skirmisher (Draconian Monk)            Turns: 1552, Time: 00:03:25

Health: 35/35      AC:  5    Str: 13    XL:     3   Next: 82%
Magic:  3/3        EV: 13    Int: 10    God:    Ashenzari [......]
Gold:   94         SH:  0    Dex: 15    Spells: 2/2 levels left

rFire   . . .      SeeInvis .   a - +0 falchion of Ashenzari's Moon {Self, Fort} (curse)
rCold   . . .      Faith    .   (no shield)
rNeg    . . .      Spirit   .   (body armour unavailable)
rPois   .          Reflect  .   (helmet restricted)
rElec   .          Harm     .   (no cloak)
rCorr   .          Rampage  .   (no gloves)
Will    .....                   (no boots)
Stlth   ++........              (no amulet)
HPRegen 0.11/turn               (no ring)
MPRegen 0.08/turn               (no ring)

@: no status effects
A: AC +5, unfitting armour, cold-blooded
a: Renounce Religion, Curse Item, Shatter the Chains


You were on level 2 of the Dungeon.
You worshipped Ashenzari.
Ashenzari was noncommittal.
You visited 1 branch of the dungeon, and saw 2 of its levels.

You collected 94 gold pieces.

Inventory:

Hand Weapons
 a - the cursed +0 falchion of Ashenzari's Moon (weapon) {Self, Fort}

   It has a curse which improves the following skills: Introspection: Fighting
   and Spellcasting.
   Fortitude: Shields.
Missiles
 d - 5 poisoned darts (quivered)
Scrolls
 f - a scroll of identify {unknown}
 g - a scroll of fear {unknown}
 h - a scroll of teleportation {unknown}
 i - a scroll of vulnerability {unknown}
Potions
 b - 2 potions of ambrosia
 c - a potion of invisibility {unknown}
 e - a potion of degeneration {unknown}


   Skills:
 * Level 4.4(4.8) Fighting
 + Level 3.5 Long Blades
 + Level 3.2 Dodging
 - Level 1.7 Stealth


You had 2 spell levels left.
You didn't know any spells.
Your spell library was empty.

Dungeon Overview and Level Annotations

Branches:
Dungeon (2/15)

Altars:
Ashenzari


Innate Abilities, Weirdness & Mutations

Your plain brown scales are hard. (AC +5)
You cannot fit into any form of body armour.
You are cold-blooded and may be slowed by cold attacks.


Message History

The slug dart misses you.
You hit the dart slug.
You kill the dart slug!
No target in view!
No target in view!
You see here a dart slug corpse.
A ball python comes into view.
A ball python is nearby!
Found a scroll labelled PUYT OZOSUMUB.
The ball python hisses angrily.
The ball python closely misses you. The ball python barely misses you. x2
The ball python grabs you. The ball python constricts you.
You hit the ball python.
You kill the ball python!
No target in view!
i - a scroll labelled PUYT OZOSUMUB A giant cockroach comes into view.
A giant cockroach is nearby!
An endoplasm comes into view.
The endoplasm quivers.
The helpless giant cockroach fails to defend itself.
You slash the giant cockroach!
You kill the giant cockroach!
You slash the endoplasm!
You kill the endoplasm!
No target in view!
No target in view!
No target in view!
No target in view!
No target in view!
No target in view!
No target in view!
No target in view!
A rat comes into view.
A rat is nearby!
A rat is nearby!
Found a stone staircase leading down.
Found a stone staircase leading down.
Ashenzari invites you to partake of a vision and a curse of evocations and introspection.
Are you sure you want to abandon this character and quit the game? (Confirm with "yes".)

##.........# ###
#....####.## #..
#... #.#### #.# #.#
#...> ..# #.####.#
..... ### #...##.#
#... .#####
###.##.##..... >
.....#
#.##.#..#..... #
####.....
#....#.##..... #
###.##..#.@....r..
.###
#............... ...
#####...#..######.
####
#######.....#....#
....
....##..##......###
######
###......#.###....##
#.....
###..#...###.##..#
#.####
###.##.......###.###
# #...##.#######
#...## #


You could see a rat (asleep).

Vanquished Creatures
  A gnoll (D:1)
  A worm (D:2)
  A dart slug (D:2)
  3 ball pythons
  5 bats
  8 endoplasms
  2 giant cockroaches
  3 goblins (D:1)
  A hobgoblin (D:1)
  4 jackals (D:1)
  4 kobolds (D:1)
  A quokka (D:1)
  3 frilled lizards
  A rat (D:1)
38 creatures vanquished.

Vanquished Creatures (others)
  A fungus (D:1)
1 creature vanquished.

Grand Total: 39 creatures vanquished

Notes
Turn   | Place    | Note
-------+----------+-------------------------------------------
     0 | D:1      | flyleaff the Draconian Monk began the quest for the Orb.
     0 | D:1      | Reached XP level 1. HP: 19/19 MP: 1/1
   239 | D:1      | Reached XP level 2. HP: 24/26 MP: 2/2
   552 | D:1      | Found a faded altar of an unknown god.
   572 | D:1      | Prayed at the altar of an unknown god.
   572 | D:1      | Became a worshipper of Ashenzari the Shackled
   611 | D:1      | Reached skill level 4 in Fighting
   611 | D:1      | Reached XP level 3. HP: 3/34 MP: 3/3
  1552 | D:2      | Quit the game

Illustrated notes

Levels and vault maps discovered:
D:1:      dreamdust_arrival_sigmund_warning, layout_rooms,
          shapermc_ecumenical_altar_ellora
D:2:      layout_rooms, patterned_corridor

Skill      XL: |  1  2 |
---------------+-------+-----
Dodging        | 3 |  3.2
Fighting       | 4 |  4.4
Long Blades    | |  3.5
Stealth        | |  1.7

Action                   || total
-------------------------++-------
Melee: Falchion          ||   125
       Tailslap          ||    14
Throw: Dart              ||    12
Invok: Curse Item        ||     1
 Stab: Sleeping          ||     6
Armor: Skin              ||    32
Dodge: Dodged            ||    75

Table legend: (Time is in decaauts)
 A = Elapsed time spent in this place.
 B = Non-inter-level travel time spent in this place.
 C = Inter-level travel time spent in this place.
 D = Time resting spent in this place.
 E = Time spent auto-exploring this place.
 F = Levels seen in this place.
 G = Mean time per level.
                   A        B        C        D        E       F      G
               +--------+--------+--------+--------+--------+-----+--------+
         Total |   1571 |   1556 |     15 |      0 |   1223 |   2 |  785.5 |
       Dungeon |   1571 |   1556 |     15 |      0 |   1223 |   2 |  785.5 |
               +--------+--------+--------+--------+--------+-----+--------+

Top non-repeatable levels by time:
     D:1: 1342 daAuts
     D:2: 229 daAuts
